 Dungeon Crawl Stone Soup version 0.26-a0-651-gb41185065b (webtiles) character file.

Game seed: 17948904507695784626

599 Ozzies the Skirmisher (level 7, -3/47 HPs)
             Began as a Gargoyle Fighter on Oct 7, 2020.
             Slain by an ogre
             ... wielding a cursed -1 giant club
              (18 damage)
             ... on level 5 of the Dungeon.
             The game lasted 00:04:52 (4973 turns).

Ozzies the Skirmisher (Gargoyle Fighter)            Turns: 4973, Time: 00:04:52

Health: -3/47      AC: 17    Str: 22    XL:     7   Next: 41%
Magic:  7/7        EV:  4    Int:  8    God:
Gold:   239        SH:  9    Dex:  9    Spells: 6/6 levels left

rFire    . . .     SeeInvis +   w - +1 whip (venom)
rCold    + . .     Faith    .   c - +0 kite shield
rNeg     + . .     Spirit   .   y - +0 plate armour
rPois    ∞         Reflect  .   r - +0 helmet {SInv}
rElec    +         Harm     .   s - +0 cloak
rCorr    .         Rampage  .   (no gloves)
MR       .....                  e - +1 pair of boots
Stlth    ..........             (no amulet)
HPRegen  0.15/turn              k - ring of protection from cold
MPRegen  0.10/turn              (no ring)

@: corroded
A: negative energy resistance 1, electricity resistance, unbreathing,
petrification resistance, rot immunity, AC +4
a: no special abilities


You were on level 5 of the Dungeon.
You visited 1 branch of the dungeon, and saw 5 of its levels.

You collected 239 gold pieces.

Inventory:

Hand Weapons
 w - a +1 whip of venom (weapon)
Missiles
 g - 299 stones (quivered)
 h - 66 sling bullets
Armour
 b - a +0 scale mail
 c - a +0 kite shield (worn)
 e - a +1 pair of boots (worn)
 r - a +0 helmet of see invisible (worn)
 s - a +0 cloak (worn)
 y - a +0 plate armour (worn)
Jewellery
 k - a ring of protection from cold (left hand)
Wands
 u - a wand of random effects (13)
Scrolls
 a - a scroll of random uselessness {unknown}
 f - 4 scrolls of remove curse {unknown}
 i - 4 scrolls of enchant armour {unknown}
 j - 2 scrolls of teleportation {unknown}
 m - 6 scrolls of identify {unknown}
 n - a scroll of fear {unknown}
 p - a scroll of blinking {unknown}
 v - a scroll of noise {unknown}
 x - a scroll of immolation {unknown}
 A - a scroll of amnesia {unknown}
Potions
 d - 2 potions of might {@q3 !q}
 l - 2 potions of curing {unknown}
 o - 2 potions of heal wounds {unknown}
 q - a potion of flight {unknown}
 t - 2 potions of degeneration {unknown}
 z - a potion of resistance {unknown}


   Skills:
 * Level 6.9 Fighting
 + Level 3.5 Maces & Flails
 + Level 4.8 Armour
 + Level 4.6 Shields


You had 6 spell levels left.
You didn't know any spells.
Your spell library was empty.

Dungeon Overview and Level Annotations

Branches:
Dungeon (5/15)
 Temple: D:4-7

Altars:

Shops:
D:4 [


Innate Abilities, Weirdness & Mutations

You are resistant to torment.
Your stone body is resilient. (AC +4)
You are immune to poison.
You resist negative energy. (rN+)
You are resistant to electric shocks. (rElec)
You can survive without breathing.
You are immune to petrification.
You are immune to rotting.


Message History

No target in view!
No target in view!
No target in view!
No target in view!
No target in view!
No target in view!
No target in view!
There is a stone staircase leading up here.
x - a scroll labeled USHRIHU TILL
z - a fizzy emerald potion Done exploring.
Done exploring.
Done exploring.
Done exploring.
Done exploring.
Done exploring.
Search for what [Enter for "."]? .
You see here a plate armour.
You start removing your armour.
You continue taking off your +0 scale mail. x4
You finish taking off your +0 scale mail.
You start putting on your armour.
You continue putting on your plate armour. x5
You finish putting on your +0 plate armour.
Done exploring.
You start putting on your armour.
You continue putting on your runed helmet. x4
You finish putting on your +0 helmet of see invisible.
You feel perceptive.
Done exploring.
Okay, then.
(D) Dungeon
Where to? (Enter - D:4 @ (x,y), ? - help)
There is a stone staircase leading down here.
You climb downwards.
Found a stone staircase leading down.
There is a stone staircase leading up here.
You open the door.
A giant cockroach comes into view.
Found 4 gold pieces.
There is an open door here.
A giant cockroach is nearby!
The giant cockroach barely misses you.
You closely miss the giant cockroach. You block the giant cockroach's attack.
Your shield prevents you from hitting the giant cockroach.
The giant cockroach bites you but does no damage.
Your plate armour prevents you from hitting the giant cockroach.
The giant cockroach barely misses you.
You barely miss the giant cockroach. You block the giant cockroach's attack.
You barely miss the giant cockroach. The giant cockroach barely misses you.
The giant cockroach bites you but does no damage.
You closely miss the giant cockroach. You block the giant cockroach's attack.
You hit the giant cockroach.
The giant cockroach is poisoned.
The giant cockroach is almost dead.
You kill the giant cockroach!
No target in view!
No target in view!
No target in view!
No target in view!
No target in view!
No target in view!
No target in view!
No target in view!
No target in view!
No target in view!
No target in view!
No target in view!
You see here a giant cockroach corpse.
You now have 239 gold pieces (gained 4).
You open the door.
There is an open door here.
A - a scroll labeled UBRA NOQAIQA
t - 2 cyan potions (gained 1)
g - 299 stones (gained 21)
An ogre comes into view. It is wielding a -1 giant club.
The ogre shouts!
A jelly comes into view.
The ogre moves out of view.
Found a dented emerald amulet.
A jelly is nearby!
A jelly is nearby!
A jelly is nearby!
A jelly is nearby!
The jelly completely misses you.
You hit the jelly.
The jelly is poisoned.
Your hands burn!
The jelly is moderately wounded.
You block the ogre's attack. You block the jelly's attack.
Your shield prevents you from hitting the jelly.
The jelly is moderately wounded.
The ogre completely misses you. You block the jelly's attack.
Your plate armour prevents you from hitting the jelly.
The jelly is moderately wounded.
The ogre hits you with a cursed -1 giant club!
The jelly hits you but does no damage.
You whack the jelly!
The jelly looks as sick as possible!
The acid corrodes you!
Your hands burn!
The jelly is almost dead.
The jelly hits you.
You are splashed with acid!
The ogre hits you with a cursed -1 giant club!!
You die...

. .... # .#... ..#..#
### #..... ...
.###.#..##"#
...........#
#...JO..# #@#
######.### #........#
##### #.####.#.#
#...######..........
#.#........###..#..##
#...#####..# #.....#
##.## #........ .#
#.# #.# ##........ #
#.#


You could see an ogre and a jelly (extremely poisoned).

Vanquished Creatures
  Grinder (D:3)
  A hound (D:3)
  Crazy Yiuf (D:2)
  2 iguanas (D:4)
  An orc wizard (D:4)
  Ijyb (D:3)
  2 worker ants (D:4)
  6 adders
  4 gnolls
  2 oozes (D:2)
  A worm (D:2)
  2 dart slugs
  A leopard gecko (D:1)
  8 orcs
  11 bats
  7 giant cockroaches
  9 goblins
  8 hobgoblins
  6 jackals
  2 quokkas (D:2)
  3 frilled lizards
  6 kobolds
  4 rats
89 creatures vanquished.

Notes
Turn   | Place    | Note
-------+----------+-------------------------------------------
     0 | D:1      | Ozzies the Gargoyle Fighter began the quest for the Orb.
     0 | D:1      | Reached XP level 1. HP: 14/14 MP: 1/1
   109 | D:1      | Reached XP level 2. HP: 19/20 MP: 2/2
   112 | D:1      | Reached skill level 4 in Fighting
   662 | D:2      | Reached XP level 3. HP: 24/24 MP: 3/3
   686 | D:2      | Reached skill level 5 in Fighting
   910 | D:2      | Reached XP level 4. HP: 31/31 MP: 4/4
  1652 | D:2      | Reached XP level 5. HP: 35/35 MP: 5/5
  1731 | D:2      | Found a runed translucent door.
  1732 | D:2      | Noticed Crazy Yiuf
  1892 | D:2      | Killed Crazy Yiuf
  2487 | D:3      | Noticed Grinder
  2500 | D:3      | Paralysed by Grinder for 6 turns
  2510 | D:3      | Paralysed by Grinder for 4 turns
  2519 | D:3      | Paralysed by Grinder for 7 turns
  2528 | D:3      | HP: 1/36 [Grinder (6)]
  2536 | D:3      | HP: 1/36 [bat (1)]
  2835 | D:3      | Paralysed by Grinder for 3 turns
  3265 | D:3      | Paralysed by Grinder for 2 turns
  3278 | D:3      | Killed Grinder
  3278 | D:3      | Reached skill level 6 in Fighting
  3278 | D:3      | Reached XP level 6. HP: 11/42 MP: 6/6
  3651 | D:3      | Noticed Ijyb
  3666 | D:3      | Killed Ijyb
  3666 | D:3      | Reached XP level 7. HP: 46/47 MP: 7/7
  4240 | D:4      | Found Zen Zoomp's Antique Armour Shop.
  4839 | D:5      | Entered Level 5 of the Dungeon
  4973 | D:5      | Slain by an ogre

Illustrated notes

Levels and vault maps discovered:
D:1:      dpeg_arrival_rhombus, layout_rooms
D:2:      layout_basic, dk_noncrumbling_3, minmay_tetromino_o4,
          uniq_crazy_yiuf_cottage
D:3:      layout_loops_ring, uniq_ijyb, uniq_grinder
D:4:      layout_loops_ring, serial_shops, kennysheep_mini
D:5:      layout_loops_corners, minmay_temple_entry_sparse_star,
          makhleb_heckhound_becter

Skill      XL: |  1  2  3  4  5 |
---------------+----------------+-----
Fighting       | 4 5 6 |  6.9
Armour         | 4 |  4.8
Maces & Flails | 3 |  3.5
Shields        | 4 |  4.6

Action                   |  1- 3 |  4- 6 |  7- 9 || total
-------------------------+-------+-------+-------++-------
Melee: Flail             |   113 |   227 |    49 ||   389
       Whip              |       |       |    55 ||    55
Armor: Scale mail        |   104 |   166 |    59 ||   329
       Plate armour      |       |       |     3 ||     3
Dodge: Dodged            |    48 |    95 |    22 ||   165
Block: Kite shield       |   100 |   159 |    53 ||   312

Table legend: (Time is in decaauts)
 A = Elapsed time spent in this place.
 B = Non-inter-level travel time spent in this place.
 C = Inter-level travel time spent in this place.
 D = Time resting spent in this place.
 E = Time spent auto-exploring this place.
 F = Levels seen in this place.
 G = Mean time per level.
                   A        B        C        D        E       F      G
               +--------+--------+--------+--------+--------+-----+--------+
         Total |   5112 |   4959 |    153 |   1443 |   2603 |   5 | 1022.4 |
       Dungeon |   5112 |   4959 |    153 |   1443 |   2603 |   5 | 1022.4 |
               +--------+--------+--------+--------+--------+-----+--------+

Top non-repeatable levels by time:
     D:2: 2357 daAuts
     D:3: 941 daAuts
     D:1: 903 daAuts
     D:4: 777 daAuts
     D:5: 133 daAuts
